 Dungeon Crawl Stone Soup version 0.28-a0-631-g0446da8ef9 (webtiles) character file.

Game seed: 6294859268913976325

57450 jasper the Severer (level 14, -3/94 HPs)
             Began as a Tengu Berserker on Oct 10, 2021.
             Was a High Priest of Trog.
             Shot with an arrow by Nessos (8 damage)
             ... on level 12 of the Dungeon.
             The game lasted 00:33:16 (21743 turns).

jasper the Severer (Tengu Berserker)               Turns: 21743, Time: 00:33:16

Health: -3/94      AC: 23    Str: 22    XL:     14   Next: 86%
Magic:  24/24      EV: 14    Int:  8    God:    Trog [*****.]
Gold:   1087       SH:  0    Dex: 20    Spells: 13/13 levels left

rFire   + . .      SeeInvis .   v - +2 battleaxe "Votojael" {vamp, MP+9}
rCold   + . .      Faith    .   (shield currently unavailable)
rNeg    . . .      Spirit   .   A - +4 plate armour {rC+}
rPois   .          Reflect  .   P - +1 hat
rElec   .          Harm     .   x - +0 cloak
rCorr   .          Rampage  .   c - +1 pair of gloves
Will    +++..                   (boots unavailable)
Stlth   ..........              K - amulet of regeneration
HPRegen 2.25/turn               F - ring of protection from fire
MPRegen 0.19/turn               T - +6 ring of dexterity

@: lethally poisoned (-3 -> -5), strong-willed, on berserk cooldown, flying
quickly and evasively, regenerating, slowed, very slow
A: beak, talons 3, nimble flight
a: Renounce Religion, Berserk, Trog's Hand, Brothers in Arms


You were on level 12 of the Dungeon.
You worshipped Trog.
Trog was extremely pleased with you.
You visited 2 branches of the dungeon, and saw 18 of its levels.

You collected 1713 gold pieces.
You spent 626 gold pieces at shops.

Inventory:

Hand Weapons
 v - the +2 battleaxe "Votojael" (weapon) {vamp, MP+9}
   (You acquired it on level 5 of the Dungeon)

   It occasionally heals its wielder for a portion of the damage dealt when it
   wounds a living foe.
   MP:        It affects your magic capacity (+9).
 W - a +4 vorpal executioner's axe
Missiles
 e - 406 stones
 k - 102 poisoned darts (quivered)
 p - 2 javelins
 B - 7 boomerangs
 C - a boomerang of dispersal
 M - 3 throwing nets
 X - 4 curare-tipped darts
Armour
 c - a +1 pair of gloves (worn)
 w - a +2 ring mail of fire resistance
 x - a +0 cloak (worn)
 A - a +4 plate armour of cold resistance (worn)
 I - +0 steam dragon scales
 O - +0 swamp dragon scales
 P - a +1 hat (worn)
Jewellery
 b - a +6 ring of dexterity
 y - a ring of fire
 F - a ring of protection from fire (left hand)
 H - an amulet of magic regeneration
 J - an amulet of guardian spirit
 K - an amulet of regeneration (around neck)
 N - a ring of magical power
 R - an amulet of the acrobat
 T - a +6 ring of dexterity (right hand)
 Z - a ring of see invisible
Wands
 m - a wand of charming (3)
 r - a wand of digging (11)
 D - a wand of flame (44)
Scrolls
 g - 4 scrolls of fear
 q - 2 scrolls of blinking
 s - 7 scrolls of teleportation
 E - a scroll of enchant weapon
 G - a scroll of fog
 Y - 3 scrolls of enchant armour
Potions
 f - 4 potions of brilliance
 h - 8 potions of heal wounds
 j - 10 potions of curing
 t - 2 potions of resistance
 u - 3 potions of flight
 z - a potion of magic
 L - a potion of lignification
 Q - a potion of haste
 S - a potion of mutation
 U - 2 potions of invisibility
 V - 2 potions of attraction
Miscellaneous
 a - a lightning rod (4/4)
 d - a tin of tremorstones (1/2)


   Skills:
 * Level 13.2 Fighting
 - Level 20.0 Axes
 + Level 9.2 Armour
 + Level 9.1 Dodging
 + Level 5.8 Evocations


You had 13 spell levels left.
You didn't know any spells.
Your spell library was empty.

Dungeon Overview and Level Annotations

Branches:
Dungeon (12/15)            Temple (0/1) D:6            Lair (6/6) D:9
 Shoals (0/4) Lair:3       Spider (0/4) Lair:3        Slime (0/5) Lair:6
    Orc (0/2) D:12

Altars:
Kikubaaqudgha
Ru
Trog
Yredelemnul

Shops:
D:8 *   D:9 ?

Annotations:
D:12 Nessos
Lair:3 3 runed translucent doors, Buacuz's ghost, journeyman NaWn; Deaggicw's ghost, journeyman DrTm; Nieclary's ghost, journeyman TrTm; Vuburch's ghost, journeyman NaTm


Innate Abilities, Weirdness & Mutations

You have a beak for a mouth.
You have claws for feet.
Your magical nature lets you fly swiftly and evasively.


Message History

* * * LOW HITPOINT WARNING * * *
Nessos barely misses you. Nessos kicks you but does no damage.
The kobold moves out of view.
A kobold brigand comes into view.
It is wielding a +0 dagger and quivering curare-tipped darts.
You regained 16 hp, and now have 24/94 hp.
You feel better. Nessos hits you but does no damage. Nessos misses you. x2
Nessos kicks you but does no damage.
The two-headed ogre hits you with a +0 giant club.
* * * LOW HITPOINT WARNING * * *
The two-headed ogre hits you with a +0 giant spiked club.
* * * LOW HITPOINT WARNING * * *
The quasit bites you but does no damage.
The quasit misses you. The quasit completely misses you.
Nessos hits you but does no damage. Nessos kicks you.
* * * LOW HITPOINT WARNING * * *
The two-headed ogre misses you.
The two-headed ogre hits you with a +0 giant spiked club!
* * * LOW HITPOINT WARNING * * *
You take 13 damage, and have 11/94 hp.
Blink to where?
Press: ? - help, Dir - move target, p - Nessos
As you read the scroll of blinking, it crumbles to dust.
Nessos wields a +1 longbow of flaming.
It bursts into flame!
Nessos shoots an arrow.
The arrow hits you.
* * * LOW HITPOINT WARNING * * *
You are poisoned.
Nessos shoots an arrow.
The arrow closely misses you.
Nessos shoots an arrow.
The arrow hits you.
* * * LOW HITPOINT WARNING * * *
You are more poisoned.
You feel very sick.
Nessos intently looks at you, slowly moving their tail.
Nessos shoots an arrow.
The arrow closely misses you.
Nessos shoots an arrow.
The arrow hits you.
* * * LOW HITPOINT WARNING * * *
The arrow burns you.
You are more poisoned.
* * * LOW HITPOINT WARNING * * *
Nessos shoots an arrow.
The arrow hits you!
You die...

##.K.K....##'####### #.
....K4cO...........# #.
#######............#####.
#.5................
#..................
#.......###########
#.......#.........#
######.......#..........
.......@.....####.......
####'####.......#.......
#.......#.......
#.......#.......
#.......##'###'#
#...#...........
#...............
#.#...#.........
#..............#


You could see Nessos (fast), a two-headed ogre and a quasit (summoned).

Vanquished Creatures
  Kirke (Lair:4)
  8 hydras
  Harold (D:8)
  A catoblepas (Lair:6)
  A two-headed ogre (D:12)
  2 death yaks (Lair:4)
  Sonja (Lair:3)
  A goliath frog (Lair:6)
  Pikel (D:5)
  An orc knight (D:12)
  An orc sorcerer (D:12)
  A lindwurm (Lair:5)
  A cyclops (D:10)
  Joseph (D:10)
  14 elephants
  6 black mambas
  A gargoyle (D:11)
  2 torpor snails
  20 cane toads
  Maggie (D:8)
  6 komodo dragons
  4 trolls
  Grinder (D:4)
  A jumping spider (Lair:3)
  19 blink frogs
  2 tyrant leeches (Lair:6)
  6 dream sheep
  A meliai zombie (D:11)
  Sigmund (D:3)
  7 wyverns
  3 vampires
  2 shadows
  41 yaks
  9 redbacks (Lair:3)
  6 basilisks
  4 hogs (Lair:4)
  8 vampire mosquitoes
  3 steam dragons (D:11)
  16 water moccasins
  5 ice beasts
  A swamp drake (D:9)
  10 orc warriors
  2 necrophages (D:6)
  17 wolves
  3 black bears
  6 centaurs
  5 ogres
  3 lemures (D:5)
  A phantom (D:4)
  3 kobold brigands
  16 bullfrogs
  A gnoll sergeant (D:11)
  3 scorpions
  A water moccasin skeleton (D:6)
  8 killer bees
  A wight (D:6)
  2 electric eels (Lair:6)
  2 howler monkeys
  A lava snake (D:9)
  3 centaur zombies
  A bullfrog zombie (D:5)
  2 hounds
  6 orc priests
  Crazy Yiuf (D:4)
  3 bullfrog skeletons
  Jessica (D:2)
  5 iguanas
  Ijyb (D:4)
  Natasha (twice) (D:4)
  10 orc wizards
  11 hell rats
  A hound skeleton (D:3)
  12 gnolls
  5 adders
  A howler monkey skeleton (D:7)
  4 river rats (Lair:3)
  A shadow imp (D:5)
  2 ufetubi
  3 worms
  2 dart slugs
  51 orcs
  7 endoplasms
  6 giant cockroaches
  6 hobgoblins
  7 jackals
  2 quokkas (D:2)
  8 ball pythons
  7 bats
  3 frilled lizards
  5 goblins
  15 kobolds
  11 rats
502 creatures vanquished.

Vanquished Creatures (collateral kills)
  A hydra (D:11)
  A black mamba (Lair:6)
  A cane toad (Lair:6)
  A blink frog (Lair:6)
  A wraith (D:11)
  2 yaks (Lair:6)
  2 basilisks
  2 hell rats (Lair:6)
11 creatures vanquished.

Vanquished Creatures (others)
  A wizard (D:5)
  A human (D:4)
  An orc (D:5)
  16 fungi
  64 plants
  2 withered plants (Lair:3)
85 creatures vanquished.

Grand Total: 598 creatures vanquished

Notes
Turn   | Place    | Note
-------+----------+-------------------------------------------
     0 | D:1      | jasper the Tengu Berserker began the quest for the Orb.
     0 | D:1      | Reached XP level 1. HP: 14/14 MP: 2/2
   505 | D:1      | Reached XP level 2. HP: 19/19 MP: 3/3
   532 | D:1      | Reached skill level 4 in Axes
  1340 | D:2      | Reached XP level 3. HP: 23/23 MP: 4/4
  1521 | D:2      | Noticed Jessica
  1524 | D:2      | Killed Jessica
  1525 | D:2      | Reached skill level 5 in Axes
  1755 | D:2      | Reached XP level 4. HP: 28/28 MP: 5/5
  1777 | D:2      | Reached ** piety under Trog
  2545 | D:3      | Noticed Sigmund
  2630 | D:3      | Killed Sigmund
  2631 | D:3      | Reached skill level 7 in Axes
  2631 | D:3      | Gained mutation: Your magical nature lets you fly swiftly
                  | and evasively. [Tengu growth]
  2631 | D:3      | Reached XP level 5. HP: 28/32 MP: 6/6
  2631 | D:3      | Reached XP level 6. HP: 32/37 MP: 7/7
  3176 | D:4      | Noticed Natasha
  3180 | D:4      | Noticed Ijyb
  3184 | D:4      | Killed Natasha
  3188 | D:4      | Killed Ijyb
  3198 | D:4      | Reached skill level 8 in Axes
  3487 | D:4      | Noticed Grinder
  3491 | D:4      | Paralysed by Grinder for 7 turns
  3505 | D:4      | Killed Grinder
  3506 | D:4      | Reached skill level 9 in Axes
  3506 | D:4      | Reached XP level 7. HP: 17/41 MP: 8/8
  4701 | D:4      | Found an ancient bone altar of Kikubaaqudgha.
  4702 | D:4      | Noticed a human
  4704 | D:4      | Killed a human
  4781 | D:4      | Reached skill level 10 in Axes
  4781 | D:4      | Reached XP level 8. HP: 46/46 MP: 9/9
  4964 | D:4      | Noticed Natasha
  4971 | D:4      | Killed Natasha
  5284 | D:4      | Found a runed translucent door.
  5285 | D:4      | Noticed Crazy Yiuf
  5371 | D:4      | Killed Crazy Yiuf
  5371 | D:4      | Reached *** piety under Trog
  5575 | D:5      | Entered Level 5 of the Dungeon
  5733 | D:5      | Reached skill level 11 in Axes
  5865 | D:5      | Found a bloodstained altar of Trog.
  5866 | D:5      | Noticed a wizard
  5872 | D:5      | Killed a wizard
  6165 | D:5      | Noticed Pikel
  6176 | D:5      | Killed Pikel
  6177 | D:5      | Reached skill level 5 in Fighting
  6177 | D:5      | Reached skill level 12 in Axes
  6177 | D:5      | Reached XP level 9. HP: 48/54 MP: 10/10
  6512 | D:5      | Identified a scroll of acquirement
  6512 | D:5      | Acquired the +2 battleaxe "Votojael" {vamp, MP+9}
  6738 | D:6      | Found a staircase to the Ecumenical Temple.
  8150 | D:7      | Found a sacrificial altar of Ru.
  8266 | D:7      | Reached skill level 5 in Armour
  8266 | D:7      | Reached skill level 5 in Dodging
  8266 | D:7      | Reached XP level 10. HP: 57/63 MP: 11/11
  8303 | D:7      | Reached **** piety under Trog
  9591 | D:8      | Noticed Harold
  9606 | D:8      | Killed Harold
  9629 | D:8      | Acquired a +4 plate armour of cold resistance
  9706 | D:8      | Noticed Maggie
  9717 | D:8      | Killed Maggie
  9780 | D:8      | Found Mylyeny's Assorted Antiques.
  9785 | D:8      | Bought a runed hat for 196 gold pieces
  9785 | D:8      | Bought a potion of heal wounds for 140 gold pieces
  9785 | D:8      | Bought a scroll of fear for 98 gold pieces
  9785 | D:8      | Bought a wand of flame (18) for 28 gold pieces
 11031 | D:9      | Reached skill level 10 in Fighting
 11065 | D:9      | Reached XP level 11. HP: 73/73 MP: 12/12
 11630 | D:9      | Found a staircase to the Lair.
 11648 | D:9      | Reached skill level 13 in Axes
 11768 | D:9      | Found Turchoqi's Magic Scroll Emporium.
 11774 | D:9      | Bought a scroll of fear for 52 gold pieces
 11774 | D:9      | Bought a scroll of blinking for 112 gold pieces
 12009 | D:10     | Entered Level 10 of the Dungeon
 12286 | D:10     | Reached ***** piety under Trog
 12589 | D:10     | Noticed Joseph
 12603 | D:10     | Killed Joseph
 12634 | D:10     | Noticed a cyclops
 12646 | D:10     | Killed a cyclops
 12647 | D:10     | Reached skill level 14 in Axes
 13095 | D:10     | Found a basalt altar of Yredelemnul.
 13694 | D:11     | Reached skill level 15 in Axes
 13760 | D:11     | Noticed a five-headed hydra
 13766 | D:11     | Killed a six-headed hydra
 13861 | D:11     | Noticed a seven-headed hydra
 13873 | D:11     | Killed a 14-headed hydra
 13874 | D:11     | Reached XP level 12. HP: 78/78 MP: 13/13
 14228 | D:11     | Reached skill level 16 in Axes
 14454 | D:12     | Noticed Nessos
 14589 | Lair:1   | Entered Level 1 of the Lair of Beasts
 14843 | Lair:1   | You are sucked into a shaft and drop 1 floor!
 15184 | Lair:1   | Reached skill level 17 in Axes
 16111 | Lair:2   | Received a gift from Trog
 16523 | Lair:2   | Reached skill level 18 in Axes
 16636 | Lair:2   | Noticed a six-headed hydra
 16645 | Lair:2   | Killed a ten-headed hydra
 16986 | Lair:3   | Reached XP level 13. HP: 77/83 MP: 14/14
 17085 | Lair:3   | Noticed Sonja
 17098 | Lair:3   | Killed Sonja
 17099 | Lair:3   | Reached skill level 19 in Axes
 17188 | Lair:3   | Found a staircase to the Shoals.
 17695 | Lair:3   | Found a runed translucent gate.
 17769 | Lair:3   | Found a hole to the Spider Nest.
 18117 | Lair:3   | Found a runed translucent gate.
 18117 | Lair:3   | Found a runed translucent gate.
 18119 | Lair:3   | Noticed Buacuz's ghost (journeyman NaWn)
 18119 | Lair:3   | Noticed Deaggicw's ghost (journeyman DrTm)
 18121 | Lair:3   | Noticed Nieclary's ghost (journeyman TrTm)
 18267 | Lair:3   | Noticed Vuburch's ghost (journeyman NaTm)
 18338 | Lair:4   | Found the +7 Spriggan's Knife {stab, EV+4 Stlth+}
 18369 | Lair:4   | You are sucked into a shaft and drop 2 floors!
 18369 | Lair:6   | Entered Level 6 of the Lair of Beasts
 18376 | Lair:6   | Reached skill level 20 in Axes
 18396 | Lair:6   | Reached skill level 1 in Evocations
 18464 | Lair:6   | Received a gift from Trog
 18568 | Lair:6   | Identified the +6 quarterstaff "Hanwa" {flame, rElec Will+}
 18752 | Lair:6   | Reached XP level 14. HP: 90/90 MP: 15/15
 19003 | Lair:6   | Found a staircase to the Slime Pits.
 20028 | Lair:5   | Reached ****** piety under Trog
 20028 | Lair:5   | Received a gift from Trog
 20029 | Lair:5   | Reached skill level 5 in Evocations
 20452 | Lair:4   | Noticed Kirke
 20466 | Lair:4   | Killed Kirke
 21592 | D:12     | Found a staircase to the Orcish Mines.
 21743 | D:12     | Shot with an arrow by Nessos

Illustrated notes

Levels and vault maps discovered:
D:1:      eino_arrival_cavern_b, layout_basic, serial_bayou_lagoon_b
D:2:      minmay_door_path, layout_basic, minmay_fractal_squares_gapless_5,
          uniq_jessica
D:3:      layout_rooms, uniq_sigmund
D:4:      kennysheep_spiral_hall, layout_loops_ring, tgw_kikubaaqudgha,
          kennysheep_generic_room_7, uniq_ijyb, uniq_natasha,
          uniq_crazy_yiuf_cottage, uniq_grinder
D:5:      layout_gridville, trog_wizard, minmay_crystal_room, uniq_pikel
D:6:      layout_loops_ring, minmay_temple_entry_overgrown, minmay_bent
D:7:      layout_basic, mainiacjoe_overflow_paths, minmay_stone_trees_small,
          chequers_jeans, grunt_decor_mini_mirrors, st_stairs_7
D:8:      layout_basic, serial_shops, kennysheep_little_box, uniq_maggie,
          uniq_harold
D:9:      layout_roguey, erik_lair_dragon, serial_shops, shop,
          grunt_decor_junction
D:10:     layout_long_grid, mainiacjoe_overflow_24_doors, feat_on_display,
          uniq_joseph
D:11:     cheibrodos_steamvent, layout_irregular_city
D:12:     layout_irregular_city, kennysheep_orc_monster_closet_entryway,
          portal_ice_cave_entry_pillars_1, minmay_shop_grid_forest, uniq_urug,
          uniq_psyche, uniq_nessos
Lair:1:   layout_cave_pods, minmay_stone_trees_medium
Lair:2:   layout_gridlike
Lair:3:   layout_hall_layers, minmay_shoals_entry_centaurs,
          nicolae_spider_entry_tight_spaces, gammafunk_ghost_cemetery,
          kennysheep_abandoned_house, uniq_sonja
Lair:4:   layout_cave_shapes, uniq_kirke
Lair:5:   layout_long_grid, kennysheep_catoblepas_arena
Lair:6:   minmay_lair_end_frog_pond, layout_cellular_growth,
          dpeg_slime_entry_corner, nicolae_quartered_pool_super

Skill      XL: |  1  2  3  4  5  6  7  8  9 10 11 12 13 14 |
---------------+-------------------------------------------+-----
Axes           | 4 5 7 9 10 12 15 18 20 | 20.0
Fighting       | 5 7 10 11 13 | 13.2
Armour         | 5 6 7 9 |  9.2
Dodging        | 5 6 7 9 |  9.1
Evocations     | 3 5 |  5.8

Action                   |  1- 3 |  4- 6 |  7- 9 | 10-12 | 13-15 || total
-------------------------+-------+-------+-------+-------+-------++-------
Melee: Hand axe          |    49 |    37 |       |       |       ||    86
       Kick              |    10 |    21 |    57 |   148 |   199 ||   435
       Peck              |     5 |    13 |    33 |    93 |   126 ||   270
       War axe           |       |    38 |   110 |       |       ||   148
       Battleaxe         |       |       |    94 |   444 |   479 ||  1017
Throw: Stone             |    14 |       |       |       |       ||    14
       Dart              |       |    21 |    90 |    66 |    10 ||   187
Invok: Berserk           |     2 |     3 |    11 |     8 |     7 ||    31
       Trog's Hand       |       |     2 |       |     3 |     3 ||     8
       Brothers in Arms  |       |       |       |     2 |     1 ||     3
Evoke: Wand              |       |       |     1 |     2 |    19 ||    22
       Tin of tremorston |       |       |       |       |     1 ||     1
  Use: Scroll            |     3 |     8 |     6 |     6 |     4 ||    27
       Potion            |       |       |       |       |     2 ||     2
 Stab: Sleeping          |     1 |       |       |       |       ||     1
       Confused          |       |       |       |     1 |       ||     1
       Distracted        |       |       |       |       |     1 ||     1
Armor: Animal skin       |    12 |     9 |       |       |       ||    21
       Leather armour    |       |     5 |       |       |       ||     5
       Ring mail         |       |     9 |       |       |       ||     9
       Scale mail        |       |     8 |    62 |    11 |       ||    81
       Plate armour      |       |       |       |   190 |    13 ||   203
       Steam dragon scal |       |       |       |     1 |       ||     1
       Swamp dragon scal |       |       |       |    35 |   149 ||   184
Dodge: Dodged            |    33 |    55 |   136 |   253 |   475 ||   952

Table legend: (Time is in decaauts)
 A = Elapsed time spent in this place.
 B = Non-inter-level travel time spent in this place.
 C = Inter-level travel time spent in this place.
 D = Time resting spent in this place.
 E = Time spent auto-exploring this place.
 F = Levels seen in this place.
 G = Mean time per level.
                   A        B        C        D        E       F      G
               +--------+--------+--------+--------+--------+-----+--------+
         Total |  20803 |  19884 |    919 |   3630 |  12859 |  18 | 1155.7 |
       Dungeon |  14588 |  13882 |    706 |   2871 |   8801 |  12 | 1215.7 |
          Lair |   6215 |   6002 |    213 |    759 |   4057 |   6 | 1035.8 |
               +--------+--------+--------+--------+--------+-----+--------+

Top non-repeatable levels by time:
     D:4: 2083 daAuts
     D:9: 1590 daAuts
     D:8: 1503 daAuts
  Lair:1: 1443 daAuts
    D:10: 1367 daAuts
  Lair:3: 1361 daAuts
     D:2: 1331 daAuts
     D:1: 1310 daAuts
     D:6: 1185 daAuts
     D:5: 1143 daAuts
    D:11: 1021 daAuts
  Lair:6: 972 daAuts
     D:7: 939 daAuts
  Lair:5: 855 daAuts
  Lair:4: 833 daAuts
